 Dungeon Crawl Stone Soup version 0.27.1-33-g824d729ab1 (webtiles) character file.

Game seed: 2109319023745327521

107 zeram the Sneak (level 4, -5/21 HPs)
             Began as a Spriggan Enchanter on Dec 2, 2021.
             Slain by an orc priest (7 damage)
             ... on level 3 of the Dungeon.
             The game lasted 00:07:26 (4715 turns).

zeram the Sneak (Spriggan Enchanter)                Turns: 4715, Time: 00:07:27

Health: -5/21      AC:  2    Str:  4    XL:     4   Next: 57%
Magic:  9/10       EV: 18    Int: 17    God:
Gold:   70         SH:  0    Dex: 15    Spells: 4/10 levels left

rFire    . . .     SeeInvis +   a - +1 dagger
rCold    . . .     Faith    .   (shield restricted)
rNeg     . . .     Spirit   .   b - +0 robe
rPois    .         Reflect  .   (helmet restricted)
rElec    .         Harm     .   (no cloak)
rCorr    .         Rampage  .   (gloves unavailable)
Will     .....                  (boots unavailable)
Stlth    +++.......             (no amulet)
HPRegen  0.07/turn              (no ring)
MPRegen  0.12/turn              (no ring)

@: very quick
A: very small, no large weapons, unfitting armour, see invisible, speed 3
a: no special abilities


You were on level 3 of the Dungeon.
You visited 1 branch of the dungeon, and saw 3 of its levels.

You collected 70 gold pieces.

Inventory:

Hand Weapons
 a - a +1 dagger (weapon)
Missiles
 e - 84 stones (quivered)
Armour
 b - a +0 robe (worn)
Potions
 c - a potion of attraction {unknown}
 d - 2 potions of brilliance
 f - a potion of mutation {unknown}
 h - a potion of heal wounds {unknown}


   Skills:
 + Level 1.3 Short Blades
 + Level 3.4 Dodging
 + Level 5.2 Stealth
 + Level 3.8 Spellcasting
 + Level 5.0 Hexes


You had 4 spell levels left.
You knew the following spells:

 Your Spells              Type           Power      Damage    Failure   Level
a - Corona                Hex            22%        N/A       1%          1
b - Ensorcelled Hibernat  Hex/Ice        22%        N/A       9%          2
c - Tukima's Dance        Hex            20%        N/A       6%          3

Your spell library contained the following spells:

 Spells                   Type           Power      Damage    Failure   Level
 Confusing Touch          Hex            20%        N/A       6%          3
 Dazzling Flash           Conj/Hex       22%        N/A       17%         3
 Chain Lightning          Conj/Air       1%         3d2       100%        9
 Fire Storm               Conj/Fire      1%         8d1       100%        9


Dungeon Overview and Level Annotations

Branches:
Dungeon (3/15)

Altars:

Annotations:
D:3 Ijyb


Innate Abilities, Weirdness & Mutations

You are very small and have problems with some larger weapons.
You are too small for most types of armour.
You have supernaturally acute eyesight. (SInv)
You cover ground extremely quickly. (Speed+++)


Message History

You climb upwards.
There is a stone staircase leading down here.
You start resting.
HP restored.
You climb downwards.
Level annotation: Ijyb The orc priest misses you.
There is a stone staircase leading up here.
Casting: Ensorcelled Hibernation (safe; 9% risk of failure)
Confirm with . or Enter, or press ? or * to list all spells.
Aiming: Ensorcelled Hibernation (safe; 9% risk of failure)
Press: ? - help, Shift-Dir - straight line, f - you That would be overly suicidal.
Okay, then.
Casting: Ensorcelled Hibernation (safe; 9% risk of failure)
Confirm with . or Enter, or press ? or * to list all spells.
Aiming: Corona (safe; 1% risk of failure)
Press: ? - help, Shift-Dir - straight line, f - orc priest
Aim: an orc priest, wielding a +0 hand axe and wearing a +2 leather armour of cold resistance (chance to affect: 59%)
The orc priest is outlined in light.
The orc priest begins to cast a cantrip, but forgets the words!
You hit the orc priest but do no damage.
The orc priest hits you with a +0 hand axe.
You hit the orc priest.
The orc priest is lightly wounded.
The orc priest hits you with a +0 hand axe.
You hit the orc priest.
The orc priest is moderately wounded.
You completely miss the orc priest.
The orc priest is moderately wounded.
The orc priest hits you with a +0 hand axe.
You hit the orc priest but do no damage.
The orc priest is moderately wounded.
The orc priest hits you with a +0 hand axe.
You hit the orc priest.
The orc priest is moderately wounded.
The orc priest hits you with a +0 hand axe.
* * * LOW HITPOINT WARNING * * *
The orc priest hits you with a +0 hand axe!
You die...

#......#
#####..#
#..# #..#
#..#
......#
#..######
......#
#...o...#
.g....#
##.####o#
#......#
#.# #@#
.......#
#.# ###
.......#
#.# ....#
#.# ....#
#.# ....#
#.# .####
#.# .#
#.# .#
######.#


You could see an orc priest (corona).

Vanquished Creatures
  An orc priest (D:3)
  2 adders
  A worm (D:2)
  8 orcs
  3 ball pythons
  5 bats
  5 endoplasms
  7 giant cockroaches
  2 goblins (D:1)
  4 hobgoblins (D:1)
  2 quokkas
  3 frilled lizards
  2 kobolds (D:2)
45 creatures vanquished.

Notes
Turn   | Place    | Note
-------+----------+-------------------------------------------
     0 | D:1      | zeram the Spriggan Enchanter began the quest for the Orb.
     0 | D:1      | Reached XP level 1. HP: 9/9 MP: 5/5
    63 | D:1      | Found a faded altar of an unknown god.
   346 | D:1      | Reached XP level 2. HP: 13/13 MP: 6/6
   522 | D:1      | Learned a level 2 spell: Ensorcelled Hibernation
  2044 | D:2      | Reached XP level 3. HP: 16/16 MP: 8/8
  2415 | D:2      | Learned a level 3 spell: Tukima's Dance
  4105 | D:3      | Noticed Ijyb
  4119 | D:3      | Reached XP level 4. HP: 18/21 MP: 4/10
  4119 | D:3      | Paralysed by Ijyb for 4 turns
  4473 | D:3      | Reached skill level 5 in Stealth
  4473 | D:3      | Reached skill level 5 in Hexes
  4715 | D:3      | Slain by an orc priest

Illustrated notes

Levels and vault maps discovered:
D:1:      heliophobic_arrival_glass_houses, layout_basic,
          ebering_ecumenical_altar_abandoned, minmay_worlds_worst_comb
D:2:      layout_loops_cross
D:3:      layout_basic, serial_shops, nicolae_shop_stone,
          nicolae_shop_behind_doors, nicolae_shop_waterfront, shop, shop,
          uniq_ijyb

Skill      XL: |  1  2  3  4 |
---------------+-------------+-----
Hexes          | 4 5 |  5.0
Dodging        | 3 |  3.4
Spellcasting   | 3 |  3.8
Stealth        | 5 |  5.2
Short Blades   | |  1.3

Action                   |  1- 3 |  4- 6 || total
-------------------------+-------+-------++-------
Melee: Dagger            |   181 |    19 ||   200
Throw: Stone             |       |     1 ||     1
 Cast: Corona            |    10 |     1 ||    11
       Ensorcelled Hiber |    35 |     9 ||    44
  Use: Scroll            |     5 |       ||     5
 Stab: Sleeping          |    24 |     3 ||    27
Armor: Robe              |    15 |     2 ||    17
Dodge: Dodged            |   166 |     9 ||   175
